 Dungeon Crawl Stone Soup version 0.28.0-43-g3370ac3207 (webtiles) character file.

Game seed: 12578837884811976990

88 themarg the Gusty (level 4, -4/24 HPs)
             Began as a Tengu Air Elementalist on Mar 3, 2022.
             Slain by a bullfrog (8 damage)
             ... on level 2 of the Dungeon.
             The game lasted 00:07:09 (2592 turns).

themarg the Gusty (Tengu Air Elementalist)          Turns: 2592, Time: 00:07:09

Health: -4/24      AC:  3    Str:  8    XL:     4   Next: 53%
Magic:  9/9        EV: 12    Int: 17    God:
Gold:   79         SH:  0    Dex: 15    Spells: 7/8 levels left

rFire   . . .      SeeInvis .   b - +0 dagger
rCold   . . .      Faith    .   (no shield)
rNeg    . . .      Spirit   .   a - +1 robe
rPois   .          Reflect  .   (helmet restricted)
rElec   .          Harm     .   (no cloak)
rCorr   .          Rampage  .   (no gloves)
Will    .....                   (boots unavailable)
Stlth   ++........              m - amulet of magic regeneration
HPRegen 0.08/turn               (no ring)
MPRegen 0.51/turn               (no ring)

@: about to teleport
A: beak, talons 3
a: no special abilities


You were on level 2 of the Dungeon.
You visited 1 branch of the dungeon, and saw 3 of its levels.

You collected 79 gold pieces.

Inventory:

Hand Weapons
 b - a +0 dagger (weapon)
Armour
 a - a +1 robe (worn)
Jewellery
 m - an amulet of magic regeneration (around neck)
Scrolls
 c - a scroll of magic mapping {unknown}
 g - a scroll of enchant weapon {unknown}
 j - a scroll of brand weapon {unknown}
 l - a scroll of identify {unknown}
 n - a scroll of summoning {unknown}
Potions
 d - a potion of degeneration {unknown}
 e - a potion of magic {unknown}
 h - a potion of mutation {unknown}
 i - a potion of might {unknown}


   Skills:
 + Level 1.2 Short Blades
 + Level 2.5 Dodging
 + Level 2.0 Stealth
 + Level 2.7 Spellcasting
 + Level 2.8 Conjurations
 + Level 5.0 Air Magic


You had 7 spell levels left.
You knew the following spells:

 Your Spells              Type           Power      Damage    Failure   Level
a - Shock                 Conj/Air       60%        1d6       3%          1

Your spell library contained the following spells:

 Spells                   Type           Power      Damage    Failure   Level
 Static Discharge         Conj/Air       15%        N/A       5%          2
 Swiftness                Air            19%        N/A       7%          3
 Airstrike                Air            9%         N/A       22%         4


Dungeon Overview and Level Annotations

Branches:
Dungeon (3/15)

Altars:
Cheibriados

Annotations:
D:3 exclusion: 2 bullfrogs


Innate Abilities, Weirdness & Mutations

You have a beak for a mouth.
You have claws for feet.


Message History

You hear a shout!
The bullfrog swells and bulges.
Casting: Shock (safe; 3% risk of failure)
Confirm with . or Enter, or press ? or * to list all spells.
Aiming: Shock (safe; 3% risk of failure)
Press: ? - help, Shift-Dir - straight line The zap misses the bullfrog.
The bullfrog hits you.
An orc comes into view. It is wielding a +0 flail.
The orc shouts!
The bullfrog barely misses you.
There is a stone staircase leading up here.
The bullfrog hits you.
You climb upwards.
There is a stone staircase leading down here.
Casting: Shock (safe; 3% risk of failure)
Confirm with . or Enter, or press ? or * to list all spells.
Aiming: Shock (safe; 3% risk of failure)
Press: ? - help, Shift-Dir - straight line, f - bullfrog
Aim: a bullfrog (lightly wounded, 64% to hit)
The zap hits the bullfrog.
The bullfrog is lightly wounded.
The bullfrog barely misses you. The bullfrog misses you.
You miss the bullfrog.
The bullfrog is lightly wounded.
The bullfrog misses you.
You hit the bullfrog.
The bullfrog is lightly wounded.
The bullfrog barely misses you. The bullfrog hits you! The bullfrog hits you.
The bullfrog hits you but does no damage.
The bullfrog barely misses you. The bullfrog hits you.
* * * LOW HITPOINT WARNING * * *
As you read the scroll labelled LUTUSCH COTUESA, it crumbles to dust.
It is a scroll of enchant armour.
Your +0 robe glows green for a moment.
The bullfrog closely misses you.
As you read the scroll labelled DEBLI FE RUROF, it crumbles to dust.
You feel strangely unstable.
It was a scroll of teleportation.
The bullfrog hits you!
You die...

#................#
#.##############.# #.# ### #.#
#.# ##.#######.## #### #.#
##...##......#######..#
#.####..#.>..##............#
..........#####...#.######.#
..####.#.## #.F#.##.#####.######
..####.#.### ##.@................
...........# ##...#######.######
.........#.# ##..# #...........
..####.##..######..###..##.......
.## #.#.....<.....#.....#######.
.#####.##..######..#.....# #.
.......##..# #..#.._..#######.
.########..# #..#............. .#
#..# #..#.....#######.


You could see a bullfrog.

Vanquished Creatures
  6 adders (D:2)
  A dart slug (D:1)
  4 endoplasms
  A giant cockroach (D:2)
  A goblin (D:2)
  3 jackals (D:2)
  6 kobolds
  A quokka (D:1)
  2 ball pythons (D:1)
  2 bats (D:2)
  2 frilled lizards (D:2)
  7 rats
36 creatures vanquished.

Vanquished Creatures (others)
  2 plants (D:1)
2 creatures vanquished.

Grand Total: 38 creatures vanquished

Notes
Turn   | Place    | Note
-------+----------+-------------------------------------------
     0 | D:1      | themarg the Tengu Air Elementalist began the quest for the
                  | Orb.
     0 | D:1      | Reached XP level 1. HP: 10/10 MP: 4/4
   504 | D:1      | Reached XP level 2. HP: 15/15 MP: 1/6
  1128 | D:1      | Found a faded altar of an unknown god.
  1480 | D:2      | Found a snail-covered altar of Cheibriados.
  1491 | D:2      | Reached XP level 3. HP: 19/19 MP: 2/7
  1832 | D:2      | Reached skill level 5 in Air Magic
  1837 | D:2      | Reached XP level 4. HP: 22/24 MP: 0/9
  2273 | D:2      | Reached skill level 1 in Short Blades
  2510 | D:3      | Noticed a bullfrog
  2592 | D:2      | Slain by a bullfrog

Illustrated notes

Levels and vault maps discovered:
D:1:      grunt_arrival_lava_bath, layout_basic, serial_forest,
          infiniplex_forest_lined_1, infiniplex_forest_end_3,
          infiniplex_forest_straight_2, infiniplex_forest_lined_room_3,
          infiniplex_forest_clump_C, infiniplex_forest_lined_ring,
          infiniplex_forest_diagonal, infiniplex_forest_straight_2,
          chequers_ecumenical_altar_lobes, serial_bayou_lagoon_b
D:2:      layout_loops_ring, basic_altar
D:3:      layout_loops_corners, nicolae_concentric_dashed_squares_wild

Skill      XL: |  1  2  3  4 |
---------------+-------------+-----
Conjurations   | 2 |  2.8
Air Magic      | 5 |  5.0
Short Blades   | 1 |  1.2
Dodging        | |  2.5
Stealth        | |  2.0
Spellcasting   | |  2.7

Action                   |  1- 3 |  4- 6 || total
-------------------------+-------+-------++-------
Melee: Dagger            |    20 |     3 ||    23
       Kick              |     8 |     1 ||     9
       Peck              |     1 |       ||     1
 Cast: Shock             |    46 |    35 ||    81
  Use: Scroll            |       |     2 ||     2
Armor: Robe              |     5 |     1 ||     6
Dodge: Dodged            |    16 |    10 ||    26
